 Dungeon Crawl Stone Soup version 0.20-a0-1116-gaa52201 (webtiles) character file.

53 TheGoonsmith the Chiller (level 3, 0/24 HPs)
             Began as a Merfolk Ice Elementalist on May 8, 2017.
             Succumbed to a worker ant's poison
             ... on level 3 of the Dungeon.
             The game lasted 00:02:50 (1265 turns).

TheGoonsmith the Chiller (Merfolk Ice Elementalist) Turns: 1265, Time: 00:02:51

Health: 0/24       AC:  2    Str:  8    XL:     3   Next: 89%
Magic:  3/6        EV: 19    Int: 15    God:
Gold:   118        SH:  0    Dex: 19    Spells: 0/6 levels left

rFire    . . .     SeeInvis .   i - +0 spear
rCold    . . .     Gourm    .   (no shield)
rNeg     . . .     Faith    .   a - +0 robe
rPois    .         Spirit   .   (no helmet)
rElec    .         Reflect  .   (no cloak)
rCorr    .         Harm     .   (no gloves)
MR       .....                  (no boots)
Stlth    +++.......             (no amulet)
Regen    0.1/turn               (no ring)
MPRegen  0.1/turn               (no ring)

@: agile, lethally poisoned (0 -> -9), very slightly contaminated
A: change form in water, swift swim, stealthy swim
a: no special abilities


You were on level 3 of the Dungeon.
You were not hungry.

You visited 1 branch of the dungeon, and saw 3 of its levels.

You collected 118 gold pieces.

Inventory:

Hand Weapons
 f - a +0 short sword
 i - a +0 spear (weapon)
Armour
 a - a +0 robe (worn)
Jewellery
 g - an uncursed ring of resist corrosion {unknown}
 p - a cursed ring of protection from fire {unknown}
Scrolls
 e - a scroll of random uselessness {unknown}
 h - a scroll of fear {unknown}
 l - a scroll of immolation {unknown}
 m - 3 scrolls of remove curse {unknown}
 n - a scroll of enchant weapon {unknown}
 o - 2 scrolls of amnesia {unknown}
 q - a scroll of noise {unknown}
Books
 b - a book of Frost

   Spells                             Type                      Level
   a - Freeze                         Ice                          1
   b - Throw Frost                    Conjuration/Ice              2
   c - Ozocubu's Armour               Charms/Ice                   3
   d - Throw Icicle                   Conjuration/Ice              4
   e - Summon Ice Beast               Ice/Summoning                4
Comestibles
 c - a bread ration
 d - 2 chunks of flesh
 k - a royal jelly


   Skills:
 - Level 3.6 Dodging
 - Level 2.1 Stealth
 - Level 2.0 Spellcasting
 - Level 0.7 Conjurations
 + Level 4.6 Ice Magic


You couldn't memorise any spells.
You knew the following spells:

 Your Spells              Type           Power        Failure   Level  Hunger
a - Freeze                Ice            ###.         3%          1    #......
b - Throw Frost           Conj/Ice       #.....       11%         2    ###....
c - Ozocubu's Armour      Chrm/Ice       #.......     26%         3    ###....


Dungeon Overview and Level Annotations

Branches:
Dungeon (3/15)

Altars:
Yredelemnul

Annotations:
D:2 Sigmund, Terence


Message History

Casting: Freeze
Confirm with . or Enter, or press ? or * to list all spells.
Aiming: Freeze
Press: ? - help, Shift-Dir - straight line, f/p - worker ant
Aim: a worker ant (severely wounded)
You freeze the worker ant.
You kill the worker ant!
* * * LOW HITPOINT WARNING * * *
You feel sick.
It was a potion of agility.
You feel agile all of a sudden.
* * * LOW HITPOINT WARNING * * *
You feel sick.
* * * LOW HITPOINT WARNING * * *
You feel sick.
* * * LOW HITPOINT WARNING * * *
You feel sick.
* * * LOW HITPOINT WARNING * * *
You feel sick.
You die...

.. #.## .. .... #.##
#... #..#######.#
.....##...##
#.##........
######.##.#......
#######.......%........
#.....@.#......###.....
...#######......#
#..<.. #......# #.....
#......# ######
########


There were no monsters in sight!

Vanquished Creatures
  A worker ant (D:3)
  A dart slug (D:1)
  A leopard gecko (D:1)
  A ball python (D:1)
  A bat (D:1)
  A giant cockroach (D:1)
  5 goblins
  4 hobgoblins
  2 frilled lizards (D:1)
  6 kobolds
  3 rats (D:2)
26 creatures vanquished.

Notes
Turn   | Place    | Note
-------+----------+-------------------------------------------
     0 | D:1      | TheGoonsmith the Merfolk Ice Elementalist began the quest for the Orb.
     0 | D:1      | Reached XP level 1. HP: 13/13 MP: 3/3
   357 | D:1      | Reached XP level 2. HP: 19/19 MP: 1/5
   722 | D:2      | Found a basalt altar of Yredelemnul.
   767 | D:2      | Reached XP level 3. HP: 15/24 MP: 0/6
   938 | D:2      | Reached skill level 4 in Ice Magic
   949 | D:2      | Learned a level 3 spell: Ozocubu's Armour
  1053 | D:2      | Noticed Terence
  1074 | D:1      | Learned a level 2 spell: Throw Frost
  1137 | D:2      | Noticed Sigmund
  1263 | D:3      | HP: 1/24 [poisoned by a worker ant]
  1265 | D:3      | Succumbed to a worker ant's poison

Vault maps used:
D:1:      dpeg_arrival_pits
D:2:      lemuel_crystal_altar, uniq_terence, uniq_sigmund
D:3:      lemuel_crystal_altar, lemuel_doored_altar

Skill      XL: |  1  2  3 |
---------------+----------+-----
Dodging        | 3 |  3.6
Ice Magic      | 4 |  4.6
Stealth        | |  2.1
Spellcasting   | |  2.0
Conjurations   | |  0.7

Action                   || total
-------------------------++-------
Melee: Spear             ||    20
 Cast: Freeze            ||    30
  Use: Potion            ||     1
 Stab: Sleeping          ||     4
  Eat: Chunk             ||     2
Armor: Robe              ||     1
Dodge: Dodged            ||    15
